 Dungeon Crawl Stone Soup version 0.26-b1-45-g23770d1d51 (webtiles) character file.

Game seed: 9470143182717291247

131 Eitelfritz the Sneak (level 5, -3/42 HPs)
             Began as a Kobold Enchanter on Jan 6, 2021.
             Slain by Natasha (9 damage)
             ... on level 3 of the Dungeon.
             The game lasted 00:09:57 (2608 turns).

Eitelfritz the Sneak (Kobold Enchanter)             Turns: 2608, Time: 00:09:57

Health: -3/42      AC:  2    Str:  5    XL:     5   Next: 37%
Magic:  0/8        EV: 16    Int: 17    God:
Gold:   95         SH:  0    Dex: 16    Spells: 0/9 levels left

rFire    . . .     SeeInvis .   a - +1 dagger
rCold    . . .     Faith    .   (shield restricted)
rNeg     . . .     Spirit   .   b - +0 robe
rPois    .         Reflect  .   (no helmet)
rElec    .         Harm     .   (no cloak)
rCorr    .         Rampage  .   (no gloves)
Will     .....                  (no boots)
Stlth    ..........             (no amulet)
HPRegen  0.14/turn              (no ring)
MPRegen  0.11/turn              (no ring)

@: berserking, confusing touch, very quick
A: small, nightstalker 3
a: no special abilities


You were on level 3 of the Dungeon.
You visited 1 branch of the dungeon, and saw 3 of its levels.

You collected 95 gold pieces.

Inventory:

Hand Weapons
 a - a +1 dagger (weapon)
Missiles
 e - 162 stones (quivered)
 r - 18 poisoned darts
Armour
 b - a +0 robe (worn)
 n - a +0 buckler
Scrolls
 g - 2 scrolls of fear {unknown}
 h - a scroll of magic mapping {unknown}
 k - a scroll of immolation {unknown}
 m - 2 scrolls of fog {unknown}
 o - a scroll of identify {unknown}
 q - a scroll of teleportation {unknown}
Potions
 c - a potion of berserk rage
 d - 2 potions of ambrosia {unknown}
 f - a potion of haste {unknown}
 i - a potion of resistance {unknown}
 j - a potion of invisibility {unknown}
 l - a potion of heal wounds {unknown}
 p - a potion of curing {unknown}
 s - a potion of flight {unknown}
 t - a potion of brilliance {unknown}


   Skills:
 + Level 0.3 Fighting
 + Level 2.4 Short Blades
 + Level 2.9 Dodging
 + Level 6.0 Stealth
 + Level 2.5 Spellcasting
 + Level 3.7 Hexes
 + Level 0.8 Ice Magic


You couldn't memorise any spells.
You knew the following spells:

 Your Spells              Type           Power        Failure   Level
a - Corona                Hex            15%          4%          1
b - Ensorcelled Hibernat  Hex/Ice        18%          11%         2
c - Tukima's Dance        Hex            14%          12%         3
d - Confusing Touch       Hex            14%          12%         3

Your spell library contained the following spells:

 Spells                   Type           Power        Failure   Level
 Dazzling Flash           Conj/Hex       16%          26%         3


Dungeon Overview and Level Annotations

Branches:
Dungeon (3/15)

Altars:
Ru

Annotations:
D:3 Natasha


Innate Abilities, Weirdness & Mutations

You are small and have problems with some larger weapons.
You are completely attuned to the shadows.


Message History

You closely miss Natasha.
Natasha is moderately wounded.
The crimson imp blinks!
Natasha completely misses you.
You hit Natasha but do no damage.
Natasha is moderately wounded.
Natasha barely misses you.
You barely miss Natasha.
Natasha is moderately wounded.
Natasha barely misses you.
You hit Natasha but do no damage.
Natasha is moderately wounded.
Natasha wildly gestures.
Natasha glows brightly for a moment.
Natasha claws you!
* * * LOW HITPOINT WARNING * * *
It was a potion of berserk rage.
A red film seems to cover your vision as you go berserk!
You feel yourself moving faster!
You feel mighty!
The crimson imp blinks!
Natasha claws you!
You die...

.#. .. . ###.#..
#...... #####5†.#
######..@h5..+
........##§..#
........'......
#.........##.#...
#.#####.5###.#...
#.....#.....
###........###
....)......(.......
####...###...........


You could see Natasha, a crimson imp (summoned) and 2 white imps.

Vanquished Creatures
  An orc wizard (D:2)
  3 adders (D:2)
  An ooze (D:2)
  2 dart slugs
  2 leopard geckos (D:1)
  9 bats
  4 giant cockroaches
  8 goblins
  9 hobgoblins
  4 jackals (D:2)
  A quokka (D:2)
  2 ball pythons
  6 frilled lizards
  4 kobolds
  7 rats
63 creatures vanquished.

Notes
Turn   | Place    | Note
-------+----------+-------------------------------------------
     0 | D:1      | Eitelfritz the Kobold Enchanter began the quest for the
                  | Orb.
     0 | D:1      | Reached XP level 1. HP: 10/10 MP: 3/3
   286 | D:1      | Reached XP level 2. HP: 15/15 MP: 5/5
   289 | D:1      | Learned a level 2 spell: Ensorcelled Hibernation
   569 | D:1      | Reached XP level 3. HP: 19/19 MP: 6/6
  1162 | D:2      | Reached skill level 5 in Stealth
  1162 | D:2      | Reached XP level 4. HP: 6/24 MP: 5/7
  1166 | D:2      | Learned a level 3 spell: Tukima's Dance
  2358 | D:2      | Found a sacrificial altar of Ru.
  2366 | D:2      | Reached XP level 5. HP: 26/28 MP: 3/8
  2370 | D:2      | Learned a level 3 spell: Confusing Touch
  2526 | D:2      | Reached skill level 6 in Stealth
  2587 | D:3      | Noticed Natasha
  2608 | D:3      | Slain by Natasha

Illustrated notes

Levels and vault maps discovered:
D:1:      dpeg_cavernosity, layout_basic, amcnicky_mini_pool_small
D:2:      layout_loops_ring, nicolae_ru_great_annihilating_truth
D:3:      layout_basic, nzn_wu_jian_contemplation, uniq_natasha

Skill      XL: |  1  2  3  4  5 |
---------------+----------------+-----
Short Blades   | 2 |  2.4
Stealth        | 5 6 |  6.0
Fighting       | |  0.3
Dodging        | |  2.9
Spellcasting   | |  2.5
Hexes          | |  3.7
Ice Magic      | |  0.8

Action                   |  1- 3 |  4- 6 || total
-------------------------+-------+-------++-------
Melee: Dagger            |    87 |    65 ||   152
 Cast: Ensorcelled Hiber |    10 |    24 ||    34
       Confusing Touch   |       |     1 ||     1
  Use: Potion            |       |     1 ||     1
 Stab: Sleeping          |    22 |    24 ||    46
       Distracted        |     1 |     2 ||     3
       Paralysed         |       |     1 ||     1
Armor: Robe              |     9 |     5 ||    14
Dodge: Dodged            |    50 |    42 ||    92
